 Dungeon Crawl Stone Soup version 0.30-a0-953-g5f1da4a474 (webtiles) character file.

Game seed: 2062549154257288008

5114 cforsyth the Fighter (level 10, -3/89 HPs)
             Began as a Formicid Fighter on Mar 28, 2023.
             Slain by a death knight
             ... wielding a +4 broad axe
              (29 damage)
             ... on level 8 of the Dungeon.
             The game lasted 00:16:09 (8339 turns).

cforsyth the Fighter (Formicid Fighter)             Turns: 8339, Time: 00:16:10

Health: -3/89      AC:  6    Str: 30    XL:     10   Next: 88%
Magic:  10/10      EV: 10    Int:  9    God:
Gold:   419        SH:  5    Dex: 13    Spells: 9/9 levels left

rFire   . . .      SeeInvis +    w - +4 flail of Piedd {freeze, rC+}
rCold   . . .      Faith    .    c - +0 buckler
rNeg    . . .      Spirit   .    y - +0 acid dragon scales
rPois   .          Reflect  .    (helmet unavailable)
rElec   .          Rampage  .    (no cloak)
rCorr   +                        (no gloves)
Will    +....                    (no boots)
Stlth   +                        (no amulet)
HPRegen 0.34/turn                t - +6 ring of strength
MPRegen 0.12/turn                (no ring)

@: mighty, invisible
A: permanent stasis, dig shafts and tunnels, antennae 3, four strong arms, cold
vulnerability 1, noise suppression
a: Dig, Shaft Self


You were on level 8 of the Dungeon.
You visited 2 branches of the dungeon, and saw 9 of its levels.

You collected 419 gold pieces.

Inventory:

Hand Weapons
 a - a +0 flail of freezing
 m - a +2 flail of holy wrath
 w - the +4 flail of Piedd (weapon) {freeze, rC+}
   (You found it on level 4 of the Dungeon)

   rC:        It protects you from cold.
Armour
 b - a +0 scale mail
 c - a +0 buckler (worn)
 r - a +0 scale mail of fire resistance
 y - +0 acid dragon scales (worn)
Jewellery
 t - a +6 ring of strength (left hand)
 D - a ring of magical power
 G - a ring of protection from cold
Wands
 f - a wand of mindburst (22)
 l - a wand of flame (45)
 s - a wand of light (10)
Scrolls
 h - a scroll of silence
 k - 2 scrolls of brand weapon
 o - a scroll of fog {unknown}
 p - a scroll of fear
 q - 4 scrolls of vulnerability
 u - a scroll of summoning
 A - a scroll of torment
 E - a scroll of magic mapping
 F - 2 scrolls of enchant armour
Potions
 d - a potion of might
 e - a potion of attraction
 g - 2 potions of curing
 i - 3 potions of mutation
 v - a potion of heal wounds
 x - a potion of magic
 C - a potion of resistance


   Skills:
 + Level 12.2 Fighting
 + Level 11.0 Maces & Flails
 - Level 3.6 Armour
 - Level 4.4 Shields


You had 9 spell levels left.
You didn't know any spells.
Your spell library contained the following spells:

 Spells                   Type           Power      Damage    Failure   Level
 Manifold Assault         Tloc           0%         N/A       99%         4
 Storm Form               Tmut/Air       0%         N/A       100%        7
 Blink                    Tloc           Unusable   N/A       N/A         2

Dungeon Overview and Level Annotations

Branches:
Dungeon (8/15)             Temple (1/1) D:4            Lair (0/5) D:8

Altars:
Ashenzari
Cheibriados
Dithmenos
Elyvilon
Fedhas
Gozag
Hepliaklqana
Kikubaaqudgha
Makhleb
Nemelex Xobeh
Okawaru
Qazlal
Sif Muna
Trog
Uskayaw
Vehumet
Wu Jian
Xom
Yredelemnul
Zin
The Shining One

Shops:
D:4 *   D:5 (!(   D:7 (

Annotations:
D:3 3 runed translucent doors, Norrock's ghost, amateur TeAE


Innate Abilities, Weirdness & Mutations

You cannot be hasted, slowed, berserked, paralysed or teleported.
You can dig through walls and to a lower floor.
You have a pair of large antennae on your head. (SInv)
Your four strong arms can wield two-handed weapons with a shield.
You are vulnerable to cold. (rC-)
You passively dampen the noise of your surroundings.


Message History

The fire elemental hits you. The fire elemental burns you!
Your Fighting skill increases to level 12!
You closely miss the fire elemental. The fire elemental closely misses you.
You closely miss the fire elemental. The fire elemental closely misses you.
You sock the fire elemental! You freeze the fire elemental.
The fire elemental is heavily damaged.
The fire elemental barely misses you.
You thump the fire elemental! You freeze the fire elemental!
You destroy the fire elemental!
The fire elemental disappears in a puff of smoke!
There is a stone staircase leading down, spattered with blood here.
You see here an ugly thing corpse.
The deep elf pyromancer misses you.
You sock the deep elf pyromancer! You freeze the deep elf pyromancer.
The deep elf pyromancer is almost dead.
You block the deep elf pyromancer's attack.
You barely miss the deep elf pyromancer.
The deep elf pyromancer is almost dead.
The deep elf pyromancer hits you with a +0 long sword!
You sock the deep elf pyromancer! You freeze the deep elf pyromancer.
You kill the deep elf pyromancer!
You see here a +0 long sword.
An efreet comes into view.
It is wielding a +2 scimitar of flaming.
The efreet drinks a potion.
The efreet seems to grow stronger.
You catch the helpless efreet completely off-guard!
You sock the efreet! You freeze the efreet!
The efreet is heavily wounded.
The efreet hits you with a +2 scimitar of flaming!!
* * * LOW HITPOINT WARNING * * *
The efreet burns you.
* * * LOW HITPOINT WARNING * * *
You thump the efreet! You freeze the efreet!
You kill the efreet!
Your Maces & Flails skill increases to level 11!
The death knight shouts!
The death knight closely misses you.
You sock the death knight! You freeze the death knight.
The death knight is lightly wounded.
The death knight hits you with a +4 broad axe!!
You die...

#..###### ##*,,,..#e######
#.......# #.,**,*,*#.....#
#.#####.# #.*,*,.pu.####.##
#.# #.# #.##,,#*,*#......
#.# #># #..##,*,**#.####>
#.# #.# *#..#**####.# ##
#.# #)####).####.☼e°# # #.#
#...p........##.# # #.#
##.#@#..####.##.##### *,*
#.###................
*,######.#.##.#######.##.##
*,........###..............
**######### ###############


You could see a death knight (unable to see you).

Vanquished Creatures
  A boulder beetle (D:8)
  Pikel (D:7)
  A deep elf pyromancer (D:8)
  An ugly thing (D:8)
  Maggie (D:6)
  An efreet (D:8)
  Sigmund (D:3)
  2 wyverns
  A steam dragon (D:8)
  Edmund (D:4)
  A water moccasin (D:8)
  Duvessa (D:6)
  An orc warrior (D:6)
  2 ice beasts
  2 sky beasts
  3 centaurs
  2 lemures
  A kobold brigand (D:6)
  3 bullfrogs
  A gnoll sergeant (D:8)
  Dowan (D:6)
  3 wights (D:8)
  3 jellies
  5 hounds
  3 orc priests
  Jessica (D:3)
  A sleepcap (D:6)
  2 iguanas (D:5)
  Natasha (thrice) (D:4)
  5 orc wizards
  Ijyb (D:3)
  5 gnolls
  6 adders
  A shadow imp (D:5)
  3 white imps
  3 ufetubi
  A worm (D:3)
  2 dart slugs
  20 orcs
  15 ball pythons
  6 endoplasms
  A giant cockroach (D:2)
  6 goblins
  A hobgoblin (D:1)
  4 jackals (D:5)
  11 kobolds
  2 quokkas
  5 bats
  5 frilled lizards
  4 rats
  A spectral orc (D:3)
158 creatures vanquished.

Vanquished Creatures (others)
  94 plants (D:1)
94 creatures vanquished.

Grand Total: 252 creatures vanquished

Notes
Turn   | Place    | Note
-------+----------+-------------------------------------------
     0 | D:1      | cforsyth the Formicid Fighter began the quest for the Orb.
     0 | D:1      | Reached XP level 1. HP: 18/18 MP: 1/1
   426 | D:1      | Reached XP level 2. HP: 23/24 MP: 2/2
   759 | D:1      | Reached XP level 3. HP: 12/29 MP: 3/3
  1357 | D:2      | Reached skill level 4 in Fighting
  1357 | D:2      | Reached XP level 4. HP: 37/37 MP: 4/4
  1788 | D:3      | Noticed Sigmund
  1937 | D:3      | Killed Sigmund
  1938 | D:3      | Reached skill level 5 in Fighting
  1938 | D:3      | Reached XP level 5. HP: 37/44 MP: 5/5
  1938 | D:3      | Reached XP level 6. HP: 43/51 MP: 6/6
  2035 | D:3      | Noticed Ijyb
  2045 | D:3      | Killed Ijyb
  2328 | D:3      | Noticed Norrock's ghost (amateur TeAE)
  2362 | D:3      | Found a runed translucent gate.
  2366 | D:3      | Noticed Jessica
  2368 | D:3      | Killed Jessica
  2419 | D:3      | Found a basalt altar of Yredelemnul.
  2498 | D:3      | Found a runed translucent gate.
  2498 | D:3      | Found a runed translucent gate.
  2560 | D:3      | Identified the +2 helmet "Ygophegi" {Rampage Regen+ Dex+4}
  2894 | D:4      | Noticed Edmund
  2906 | D:4      | HP: 2/52 [Edmund/+2 flail of holy wrath (10)]
  2910 | D:4      | Gained mutation: You are vulnerable to cold. (rC-) [potion
                  | of mutation]
  2910 | D:4      | Gained mutation: You passively dampen the noise of your
                  | surroundings. [potion of mutation]
  2921 | D:4      | Killed Edmund
  2922 | D:4      | Reached skill level 6 in Fighting
  2922 | D:4      | Reached skill level 5 in Maces & Flails
  2922 | D:4      | Reached XP level 7. HP: 8/58 MP: 7/7
  3317 | D:4      | Found a shimmering blue altar of Sif Muna.
  3374 | D:4      | Noticed Natasha
  3376 | D:4      | Found Dkosoeg's Desiderata Depot.
  3379 | D:4      | Killed Natasha
  3461 | D:4      | Noticed Natasha
  3468 | D:4      | Found a staircase to the Ecumenical Temple.
  3480 | D:4      | Killed Natasha
  3487 | Temple   | Entered the Ecumenical Temple
  3732 | D:4      | Identified the +4 flail of Piedd {freeze, rC+}
  3777 | D:4      | Found an ancient bone altar of Kikubaaqudgha.
  3808 | D:4      | Found a sparkling altar of Nemelex Xobeh.
  3864 | D:4      | Noticed Natasha
  3867 | D:4      | Killed Natasha
  3881 | D:5      | Entered Level 5 of the Dungeon
  3966 | D:5      | Found Acefuurr's Distillery.
  3974 | D:5      | Upgraded the game from 0.30-a0-949-g53dc5368d7 to
                  | 0.30-a0-953-g5f1da4a474
  3976 | D:5      | Found Ront's Weapon Emporium.
  4033 | D:5      | Reached skill level 7 in Fighting
  4033 | D:5      | Reached XP level 8. HP: 57/67 MP: 8/8
  4094 | D:5      | Found Rydogg's Antique Weapon Emporium.
  4564 | D:6      | Noticed Maggie
  4573 | D:6      | Killed Maggie
  4574 | D:6      | Reached skill level 8 in Fighting
  4823 | D:6      | Noticed Duvessa
  4823 | D:6      | Noticed Dowan
  5019 | D:6      | Killed Duvessa
  5020 | D:6      | Reached XP level 9. HP: 72/75 MP: 9/9
  5023 | D:6      | Killed Dowan
  5080 | D:6      | Reached skill level 9 in Fighting
  5143 | D:6      | Identified the +3 hand axe of Foeziosh {spect, rCorr Str+4
                  | Int-5}
  5383 | D:7      | Noticed Pikel
  5478 | D:7      | Killed Pikel
  5583 | D:7      | Reached skill level 10 in Fighting
  6232 | D:7      | Identified the +6 chain mail of Courage {Drain rF+ Str+5
                  | Slay-5}
  6272 | D:7      | Reached XP level 10. HP: 82/86 MP: 10/10
  6296 | D:7      | Found Osufferi's Firing Range.
  6836 | D:7      | Found Osufferi's Firing Range.
  7280 | D:8      | Reached skill level 11 in Fighting
  7410 | D:8      | Found a staircase to the Lair.
  7465 | D:8      | Found a bloodstained altar of Trog.
  7467 | D:8      | Noticed a wizard
  7510 | D:8      | Reached skill level 10 in Maces & Flails
  7577 | D:8      | Found a burning altar of Makhleb.
  7964 | D:8      | Noticed a boulder beetle
  7992 | D:8      | Killed a boulder beetle
  8173 | D:8      | Noticed a torpor snail
  8174 | D:8      | Found a snail-covered altar of Cheibriados.
  8174 | D:8      | Noticed a torpor snail
  8176 | D:8      | Noticed a torpor snail
  8285 | D:8      | Noticed a deep elf pyromancer
  8285 | D:8      | Noticed a white ugly thing
  8286 | D:8      | Noticed a death knight
  8315 | D:8      | Killed a white ugly thing
  8316 | D:8      | Reached skill level 12 in Fighting
  8324 | D:8      | Killed a deep elf pyromancer
  8328 | D:8      | Noticed an efreet
  8331 | D:8      | Killed an efreet
  8339 | D:8      | Slain by a death knight

Illustrated notes

Levels and vault maps discovered:
D:1:      roderic_crop_circles_arrival_large, layout_basic
D:2:      layout_loops_ring
D:3:      layout_loops_cross, yredelemnul_forgotten_temple_becter,
          gammafunk_ghost_icy, minmay_misc_feat_x, minmay_pentomino_pile,
          uniq_ijyb, uniq_sigmund, uniq_jessica
D:4:      layout_basic, marbit_many_paths, nemelex_diamond_rough_becter,
          nicolae_overflow_hidden_temple, minmay_temple_entry_mist,
          minmay_misc_feat_square, chequers_serial_rivers_micro_a,
          nicolae_alphabet_shops, uniq_edmund, uniq_natasha
D:5:      layout_rooms, serial_shops, nicolae_shop_waterfront, shop,
          nicolae_shop_competitors_out_of_business
D:6:      layout_cave_pools, serial_column_ruins, column_ruins_grid_3,
          column_ruins_columns_straight, column_ruins_columns_corner,
          column_ruins_columns_dead_end, uniq_duvessa, uniq_maggie
D:7:      layout_loops_cross, nicolae_shop_firing_range, uniq_pikel
D:8:      minmay_bloctagon_deflated, layout_loops_ring, trog_wizard,
          cheibriados_altar_2, mainiacjoe_overflow_alcove_4, lair_entry_dummy,
          grunt_ministairs_11, item_on_display_a
Temple:   compressed_dpeg_circular_temple

Skill      XL: |  1  2  3  4  5  6  7  8  9 10 |
---------------+-------------------------------+-----
Fighting       | 4 5 6 7 8 10 12 | 12.2
Maces & Flails | 4 5 7 9 11 | 11.0
Armour         | |  3.6
Shields        | |  4.4

Action                     |  1- 3 |  4- 6 |  7- 9 | 10-12 || total
---------------------------+-------+-------+-------+-------++-------
  Melee: Flail             |    94 |    90 |   182 |   119 ||   485
    Use: Potion            |       |     7 |       |     4 ||    11
         Scroll            |       |       |       |    15 ||    15
   Stab: Invisible         |       |       |       |     1 ||     1
 Armour: Scale mail        |    48 |    38 |    46 |       ||   132
         Skin              |       |    12 |     8 |       ||    20
         Acid dragon scale |       |       |    18 |    14 ||    32
  Dodge: Dodged            |    52 |    36 |    89 |    50 ||   227
  Block: Buckler           |    28 |    44 |    44 |    16 ||   132

Table legend: (Time is in decaauts)
 A = Elapsed time spent in this place.
 B = Non-inter-level travel time spent in this place.
 C = Inter-level travel time spent in this place.
 D = Time resting spent in this place.
 E = Time spent auto-exploring this place.
 F = Levels seen in this place.
 G = Mean time per level.
                   A        B        C        D        E       F      G
               +--------+--------+--------+--------+--------+-----+--------+
         Total |   8403 |   8237 |    166 |    554 |   6194 |   9 |  933.7 |
       Dungeon |   8233 |   8076 |    157 |    554 |   6045 |   8 | 1029.1 |
        Temple |    169 |    160 |      9 |      0 |    149 |   1 |  169.0 |
               +--------+--------+--------+--------+--------+-----+--------+

Top non-repeatable levels by time:
     D:7: 1636 daAuts
     D:8: 1223 daAuts
     D:3: 1081 daAuts
     D:1: 1079 daAuts
     D:6: 943 daAuts
     D:4: 847 daAuts
     D:2: 764 daAuts
     D:5: 657 daAuts
  Temple: 169 daAuts
